 Dungeon Crawl Stone Soup version 0.22-a0-322-g60b3cfd (webtiles) character file.

303 4thArraOfDagon the Cutter (level 6, -1/44 HPs)
             Began as a Mummy Enchanter on Apr 3, 2018.
             Slain by a centaur skeleton (3 damage)
             ... on level 5 of the Dungeon.
             The game lasted 00:07:08 (2428 turns).

4thArraOfDagon the Cutter (Mummy Enchanter)         Turns: 2428, Time: 00:07:09

Health: -1/44      AC:  3    Str: 11    XL:     6   Next: 15%
Magic:  10/10      EV: 12    Int: 20    God:
Gold:   160        SH:  0    Dex: 12    Spells: 4/10 levels left

rFire    . . .     SeeInvis .   g - +3 broad axe "Tudwupelod" {speed, Int+3} (curse)
rCold    + + .     Gourm    .   (no shield)
rNeg     + + +     Faith    .   b - +1 robe
rPois    ∞         Spirit   .   (no helmet)
rElec    .         Reflect  .   k - scarf {rC+ rF+}
rCorr    .         Harm     .   (no gloves)
MR       .....                  (no boots)
Stlth    ++........             (no amulet)
HPRegen  0.14/turn              (no ring)
MPRegen  0.12/turn              (no ring)

@: no status effects
A: no food or potions, fire vulnerability, cold resistance 1, negative energy
resistance 3, torment resistance, unbreathing
a: no special abilities


You were on level 5 of the Dungeon.
You were not hungry.

You visited 1 branch of the dungeon, and saw 5 of its levels.

You collected 160 gold pieces.

Inventory:

Hand Weapons
 a - a +1 dagger
 g - the cursed +3 broad axe "Tudwupelod" (weapon) {speed, Int+3}
   (You found it on level 4 of the Dungeon)

   Attacks with this weapon are significantly faster.
   It affects your intelligence (+3).
   It has a curse placed upon it.
 h - a +0 blowgun
Missiles
 i - 32 poisoned needles
Armour
 b - a +1 robe (worn)
 k - a scarf of resistance (worn)
Wands
 f - a wand of flame (19)
Scrolls
 c - a scroll of amnesia
 d - a scroll of enchant armour
 e - a scroll of fear
 j - a scroll of immolation
 l - 2 scrolls of enchant weapon


   Skills:
 + Level 1.8 Fighting
 - Level 4.1 Short Blades
 + Level 1.4 Armour
 + Level 2.3 Dodging
 - Level 2.4 Stealth
 - Level 2.6 Spellcasting
 - Level 2.6 Hexes


You had 4 spell levels left.
You knew the following spells:

 Your Spells              Type           Power        Failure   Level  Hunger
a - Corona                Hex            ##.....      4%          1    N/A
b - Ensorcelled Hibernat  Hex/Ice        #.....       13%         2    N/A
c - Confuse               Hex            ##......     14%         3    N/A

Dungeon Overview and Level Annotations

Branches:
Dungeon (5/15)
 Temple: D:4-7

Altars:
Makhleb
Okawaru
Uskayaw

Annotations:
D:2 Robin
D:3 xccam's ghost, amateur DsCK
D:4 darksquall's ghost, amateur HOGl
D:5 4thArraOfDagon's ghost, novice DgNe


Innate Abilities, Weirdness & Mutations

You do not eat or drink.
Your flesh is vulnerable to fire.
You are immune to poison.
Your flesh is cold resistant. (rC+)
You are immune to negative energy. (rN+++)
You are immune to unholy pain and torment.
You can survive without breathing.


Message History

The centaur skeleton is severely damaged.
You hit 4thArraOfDagon's ghost but do no damage.
The centaur skeleton closely misses you. 4thArraOfDagon's ghost hits you!
* * * LOW HITPOINT WARNING * * *
The centaur skeleton hits you.
* * * LOW HITPOINT WARNING * * *
Unknown command.
Unknown command.
You can't drink.
Unknown command.
Okay, then.
Unknown command.
You hit the centaur skeleton.
The centaur skeleton is almost destroyed.
You miss 4thArraOfDagon's ghost. 4thArraOfDagon's ghost casts a spell. 4thArraOfDagon's ghost's wounds begin to heal before your eyes!
The centaur skeleton hits you.
You die...

#..<.....h# #.#######..
#.# #†### #...#
####...# #.....
#..+...# #.>...
#W##...# #.....
#@##...# #(....
####Z##...# #.....
.........#######....#
....................#
................!...#
.....................
[..........(..........
..........!............
.........#...<#'#####


You could see 4thArraOfDagon's ghost and a centaur skeleton.

Vanquished Creatures
  An ogre (D:4)
  A crimson imp (D:3)
  A bullfrog zombie (D:5)
  2 hounds (D:4)
  A worker ant (D:5)
  A gnoll (D:4)
  An adder (D:3)
  2 oozes (D:3)
  An adder skeleton (D:5)
  A dart slug (D:2)
  2 leopard geckos
  4 orcs
  A giant cockroach (D:2)
  4 goblins
  A hobgoblin (D:2)
  6 jackals
  2 quokkas
  4 bats
  2 frilled lizards (D:2)
  A jackal zombie (D:5)
  7 kobolds
  3 rats (D:1)
49 creatures vanquished.

Notes
Turn   | Place    | Note
-------+----------+-------------------------------------------
     0 | D:1      | 4thArraOfDagon the Mummy Enchanter began the quest for the Orb.
     0 | D:1      | Reached XP level 1. HP: 13/13 MP: 4/4
    42 | D:1      | Reached skill level 1 in Short Blades
   374 | D:2      | Noticed a worker ant
   418 | D:2      | Reached XP level 2. HP: 3/19 MP: 2/5
   690 | D:2      | Learned a level 2 spell: Ensorcelled Hibernation
   737 | D:2      | Found an iron altar of Okawaru.
   740 | D:2      | Reached skill level 2 in Short Blades
   923 | D:2      | Noticed Robin
   962 | D:3      | Reached XP level 3. HP: 16/24 MP: 7/7
   967 | D:3      | Learned a level 3 spell: Confuse
  1243 | D:3      | Noticed xccam's ghost (amateur DsCK)
  1342 | D:3      | Reached skill level 3 in Short Blades
  1465 | D:3      | Reached XP level 4. HP: 27/30 MP: 8/8
  1696 | D:5      | Entered Level 5 of the Dungeon
  1713 | D:4      | Found a burning altar of Makhleb.
  1713 | D:4      | Found a hide-covered altar of Uskayaw.
  1744 | D:5      | Noticed 4thArraOfDagon's ghost (novice DgNe)
  1828 | D:4      | Reached skill level 4 in Short Blades
  1828 | D:4      | Reached XP level 5. HP: 17/35 MP: 1/9
  2022 | D:4      | Noticed an ogre
  2030 | D:4      | Killed an ogre
  2030 | D:4      | Reached skill level 1 in Fighting
  2030 | D:4      | Reached skill level 1 in Armour
  2086 | D:4      | Got a bone broad axe
  2087 | D:4      | Identified the cursed +3 broad axe "Tudwupelod" {speed, Int+3} (You found it on level 4 of the Dungeon)
  2202 | D:4      | Noticed darksquall's ghost (amateur HOGl)
  2265 | D:5      | Reached XP level 6. HP: 32/43 MP: 8/10
  2427 | D:5      | HP: 2/44 [centaur skeleton (4)]
  2428 | D:5      | Slain by a centaur skeleton

Vault maps used:
D:1:      minmay_arrival_jagged
D:2:      lemuel_crystal_altar, first_ration, uniq_robin, uniq_terence
D:4:      nicolae_overflow_hidden_temple, minmay_temple_entry_poolview,
          cheibrodos_gnoll_hut, uniq_natasha
D:5:      vehumet_crystals, serial_shops, shop, uniq_sigmund

Skill      XL: |  1  2  3  4  5 |
---------------+----------------+-----
Short Blades   | 1 2 3 4 |  4.1
Fighting       | 1 |  1.8
Armour         | 1 |  1.4
Dodging        | 2 |  2.3
Stealth        | |  2.4
Spellcasting   | |  2.6
Hexes          | |  2.6

Action                   |  1- 3 |  4- 6 || total
-------------------------+-------+-------++-------
Melee: Dagger            |    82 |    10 ||    92
       Broad axe         |       |    33 ||    33
 Cast: Corona            |    25 |    11 ||    36
       Ensorcelled Hiber |    17 |     8 ||    25
Evoke: Wand              |       |    13 ||    13
  Use: Scroll            |     2 |     6 ||     8
 Stab: Sleeping          |    10 |     7 ||    17
       Distracted        |       |     1 ||     1
Armor: Robe              |    27 |     7 ||    34
Dodge: Dodged            |    74 |    40 ||   114

Table legend:
 A = Spawn XP
 B = Non-spawn XP
 C = Spawn XP percentage of total XP
 D = Spawn monster count
 E = Non-spawn monster count
 F = Spawn count percentage of total count
 G = Total turns spent on level
                    A         B        C        D         E        F      G
               +---------+---------+-------+---------+---------+-------+---------
         Total |       0 |     434 |   0.0 |       0 |      49 |   0.0 |  2428
               +---------+---------+-------+---------+---------+-------+---------
           D:1 |       0 |       8 |   0.0 |       0 |       6 |   0.0 |   256
           D:2 |       0 |      27 |   0.0 |       0 |      15 |   0.0 |   724
           D:3 |       0 |      89 |   0.0 |       0 |      14 |   0.0 |   686
           D:4 |       0 |     217 |   0.0 |       0 |       7 |   0.0 |   500
           D:5 |       0 |      93 |   0.0 |       0 |       7 |   0.0 |   262
               +---------+---------+-------+---------+---------+-------+---------
